 Dungeon Crawl Stone Soup version 0.31-a0-1074-g0b22e4e0f1 (webtiles) character file.

Game seed: 14311492877699218502

15 DApurpleWHUMPUS the Chiller (level 2, -2/20 HPs)
             Began as a Draconian Ice Elementalist on Nov 27, 2023.
             Slain by an endoplasm (3 damage)
             ... on level 2 of the Dungeon.
             The game lasted 00:03:24 (1121 turns).

DApurpleWHUMPUS the Chiller (DrIE)                  Turns: 1121, Time: 00:03:25

Health: -2/20      AC:  4    Str: 10    XL:     2   Next: 34%
Magic:  2/5        EV:  6    Int: 15    God:
Gold:   96         SH: 10    Dex: 11    Spells: 5/6 levels left

rFire   . . .        (no weapon)
rCold   . . .        b - +0 tower shield
rNeg    . . .        (body armour unavailable)
rPois   .            (helmet restricted)
rElec   .            (no cloak)
rCorr   .            (no gloves)
SInv    .            (no boots)
Will    .....        (no amulet)
Stlth   ++           (no ring)
HPRegen 0.23/turn    (no ring)
MPRegen 0.09/turn

%: no passive effects
@: very slightly contaminated, slowed, very slow
A: AC +4, unfitting armour, cold-blooded
a: no special abilities


You were on level 2 of the Dungeon.
You visited 1 branch of the dungeon, and saw 2 of its levels.

You collected 96 gold pieces.

Inventory:

Missiles
 g - 6 boomerangs
Armour
 b - a +0 tower shield (worn)
Scrolls
 c - a scroll of enchant armour {unknown}
 e - a scroll of fog {unknown}
 f - 2 scrolls of teleportation {unknown}
 i - a scroll of enchant weapon {unknown}
Potions
 a - a potion of magic
 d - a potion of curing {unknown}
 h - a potion of mutation {unknown}
 j - a potion of enlightenment {unknown}


   Skills:
 - Level 1.7 Dodging
 - Level 1.7 Stealth
 + Level 2.6 Spellcasting
 - Level 4.2 Ice Magic


You had 5 spell levels left.
You knew the following spells:

 Your Spells              Type           Power      Damage    Failure   Level
a - Freeze                Ice            56%        1d7       88%         1

Your spell library contained the following spells:

 Spells                   Type           Power      Damage    Failure   Level
 Frozen Ramparts          Ice            28%        1d5       99%         3
 Ozocubu's Armour         Ice            14%        N/A       99%         3
 Summon Ice Beast         Ice/Summ       8%         N/A       100%        4


Dungeon Overview and Level Annotations

Branches:
Dungeon (2/15)

Altars:


Innate Abilities, Weirdness & Mutations

Your plain brown scales are hard. (AC +4)
You cannot fit into any form of body armour.
You are cold-blooded and may be slowed by cold attacks.


Message History

The endoplasm hits you.
Casting: Freeze (safe; 88% risk of failure)
Confirm with . or Enter, or press ? or * to list all spells.
Aiming: Freeze (safe; 88% risk of failure)
Press: ? - help, Shift-Dir - straight line, f - endoplasm
Aim: an endoplasm (lightly wounded)
You miscast Freeze.
You are very lightly contaminated with residual magic.
Nothing appears to happen.
The endoplasm hits you but does no damage.
Casting: Freeze (safe; 88% risk of failure)
Confirm with . or Enter, or press ? or * to list all spells.
Aiming: Freeze (safe; 88% risk of failure)
Press: ? - help, Shift-Dir - straight line, f/p - endoplasm
Aim: an endoplasm (lightly wounded)
You miscast Freeze.
Nothing appears to happen.
The endoplasm freezes you.
You are frozen.
You feel as though you will be slow longer.
You block the endoplasm's attack.
Casting: Freeze (safe; 88% risk of failure)
Confirm with . or Enter, or press ? or * to list all spells.
Aiming: Freeze (safe; 88% risk of failure)
Press: ? - help, Shift-Dir - straight line, f/p - endoplasm
Aim: an endoplasm (lightly wounded)
You miscast Freeze.
Nothing appears to happen.
The endoplasm freezes you.
You are frozen.
* * * LOW HITPOINT WARNING * * *
You feel as though you will be slow longer.
The endoplasm attacks as it pursues you!
The endoplasm hits you.
* * * LOW HITPOINT WARNING * * *
You block the endoplasm's attack.
You hit the endoplasm.
The endoplasm is moderately wounded.
The endoplasm hits you.
* * * LOW HITPOINT WARNING * * *
The endoplasm hits you.
You die...

# . ### .###..
..#.# # #.#.#
#.#.#!######
###.#.>......#
#.......@J.?.#
#.###.#.###..#
#. #...# .....
#####.###.###
.#####
..........# .#
######..### .#
#..# .# #..#
.# #..#


You could see an endoplasm.

Vanquished Creatures
  3 endoplasms (D:1)
  2 goblins
  2 kobolds (D:1)
  4 bats
  2 frilled lizards (D:1)
  2 rats (D:2)
15 creatures vanquished.

Notes
Turn   | Place    | Note
-------+----------+-------------------------------------------
     0 | D:1      | DApurpleWHUMPUS the Draconian Ice Elementalist began the
                  | quest for the Orb.
     0 | D:1      | Reached XP level 1. HP: 14/14 MP: 3/3
   428 | D:1      | Reached XP level 2. HP: 20/20 MP: 1/5
   803 | D:1      | Found a faded altar of an unknown god.
  1121 | D:2      | HP: 1/20 [endoplasm (3)]
  1121 | D:2      | Slain by an endoplasm

Illustrated notes

Levels and vault maps discovered:
D:1:      spicycebolla_arrival_clurvy, layout_basic,
          dreamdust_ecumenical_altar_hidden_monk_grotto, dk_noncrumbling_3,
          minmay_misc_feat_nine_boxes
D:2:      layout_loops_ring

Action                     || total
---------------------------++-------
  Melee: Unarmed           ||    51
         Tailslap          ||     8
   Cast: Freeze            ||     5
 Armour: Skin              ||    67
  Dodge: Dodged            ||    25
  Block: Tower shield      ||    42

Table legend: (Time is in decaauts)
 A = Elapsed time spent in this place.
 B = Non-inter-level travel time spent in this place.
 C = Inter-level travel time spent in this place.
 D = Time resting spent in this place.
 E = Time spent auto-exploring this place.
 F = Levels seen in this place.
 G = Mean time per level.
                   A        B        C        D        E       F      G
               +--------+--------+--------+--------+--------+-----+--------+
         Total |   1156 |   1143 |     13 |     88 |    774 |   2 |  578.0 |
       Dungeon |   1156 |   1143 |     13 |     88 |    774 |   2 |  578.0 |
               +--------+--------+--------+--------+--------+-----+--------+

Top non-repeatable levels by time:
     D:1: 1010 daAuts
     D:2: 145 daAuts
